AoeStats
← 欢乐小菜鸟

Arena

507067785Analyzed
4v4 RM · 15d ago on Sep 16, 2026· 37m 8s· 8 players
Game mode
Random Map
Map size
Large (8 player)
Population
200
Speed
Normal
Resources
Standard
Victory
Conquest
Starting age
Dark Age
Ending age
Imperial Age
RankedLock teamsTeams togetherTeam positionsShared explorationLock speedFull tech treeHidden civsTurbo modeCheats
Victory
Defeat
🇩🇰 Vikings · Denmark
988
+12
🇨🇳 Franks · China
959
+13
🇧🇷 Cumans · Brazil
949
+13
🇦🇹 Goths · Austria
920
+15
🇦🇷 Bohemians · Argentina
1052
-19
🇵🇪 Mongols · Peru
872
-12
🇨🇱 Italians · Chile
828
-11
🇺🇸 Bohemians · United States
826
-11
Saggi
3:51 Loom
10:56 Feudal Age
15:18 Castle Age
13:13 Double-Bit Axe
13:36 Horse Collar
23:34 Stone Mining
24:36 Wheelbarrow
28:02 Hand Cart
27:50 Town Watch
28:06 Gold Mining
32:30 Imperial Age
29:54 Fletching
30:15 Forging
30:06 Scale Mail Armor
31:48 Ballistics
31:24 Murder Holes
31:47 Anarchy
32:10 Bow Saw
32:11 Town Patrol
32:30 Squires
31:51 Pikeman
33:44 Stone Shaft Mining
33:16 Perfusion
34:19 Chemistry
33:28 Heavy Plow
34:42 Two-Man Saw
35:15 Conscription
35:28 Crop Rotation
36:06 Iron Casting
36:14 Chain Mail Armor
36:20 Elite Huskarl
maltheh9797
10:40 Feudal Age
14:56 Castle Age
13:04 Double-Bit Axe
13:07 Horse Collar
16:41 Bow Saw
22:55 Loom
23:37 Man-at-Arms
24:02 Gambesons
24:44 Squires
25:38 Gold Mining
25:38 Stone Mining
28:21 Scale Mail Armor
28:31 Forging
28:11 Long Swordsman
29:30 Chain Mail Armor
32:45 Imperial Age
31:48 Chieftains
32:47 Iron Casting
31:51 Pikeman
33:23 Ballistics
33:11 Two-Handed Swordsman
33:55 Champion
34:01 Capped Ram
35:29 Conscription
37:44 Two-Man Saw
36:13 Siege Ram
HaweN
10:24 Feudal Age
21:04 Castle Age
20:22 Double-Bit Axe
22:04 Fletching
25:26 Wheelbarrow
25:30 Bodkin Arrow
29:51 Horse Collar
32:11 Hand Cart
32:17 Town Watch
32:27 Gold Mining
32:53 Capped Ram
34:00 Murder Holes
33:56 Loom
欢乐小菜鸟
11:05 Feudal Age
12:23 Double-Bit Axe
15:08 Castle Age
16:54 Bow Saw
23:28 Wheelbarrow
24:09 Loom
25:05 Gold Mining
25:06 Stone Mining
25:52 Hand Cart
27:28 Gold Shaft Mining
29:47 Imperial Age
27:31 Town Watch
28:33 Scale Barding Armor
28:31 Husbandry
29:35 Chain Barding Armor
29:59 Forging
30:17 Cavalier
32:13 Plate Barding Armor
32:00 Chivalry
32:21 Conscription
32:53 Iron Casting
33:54 Paladin
36:22 Blast Furnace
37:17 Conscription
36:57 Herbal Medicine
37:02 Fletching
37:36 Ballistics
38:16 Chemistry
37:22 Siege Engineers
37:12 Murder Holes
37:28 Masonry
gorilla87
0:31 Loom
12:01 Feudal Age
13:34 Double-Bit Axe
13:52 Horse Collar
16:30 Castle Age
20:11 Wheelbarrow
20:23 Bow Saw
21:58 Heavy Plow
22:13 Fervor
22:23 Sanctity
27:13 Treadmill Crane
27:55 Ballistics
32:29 Imperial Age
31:19 Chemistry
31:08 Hand Cart
30:47 Pikeman
31:28 Squires
33:24 Forging
33:14 Scale Mail Armor
34:46 Conscription
33:50 Halberdier
Juan Carlos Bodoque
0:40 Loom
10:30 Feudal Age
11:55 Town Watch
12:01 Double-Bit Axe
12:59 Wheelbarrow
12:09 Horse Collar
13:15 Gold Mining
14:40 Fletching
14:52 Padded Archer Armor
25:16 Castle Age
22:56 Man-at-Arms
23:49 Forging
23:52 Scale Mail Armor
26:18 Stone Mining
26:32 Heavy Plow
26:39 Crossbowman
27:25 Thumb Ring
28:21 Bodkin Arrow
29:43 Long Swordsman
30:24 Squires
32:18 Hand Cart
2722027078
10:33 Feudal Age
11:43 Loom
15:36 Castle Age
13:57 Double-Bit Axe
16:55 Horse Collar
24:01 Bow Saw
26:42 Heavy Plow
28:37 Wheelbarrow
29:27 Pikeman
war_xtreme
0:54 Loom
13:56 Feudal Age
15:28 Double-Bit Axe
18:00 Castle Age
15:24 Man-at-Arms
17:18 Scale Mail Armor
25:17 Long Swordsman
26:13 Gold Mining
31:19 Stone Mining
37:54 Imperial Age
Connection lost

Rejoining the realm…

Still unreachable

The connection could not be restored.

Session expired

The server has moved on; the page needs a fresh start.